 Dungeon Crawl Stone Soup version 0.19.1-1-g22dce08 (webtiles) character file.

265 empire the Charlatan (level 5, 0/37 HPs)
             Began as a Demonspawn Artificer on Jan 4, 2017.
             Was an Initiate of Nemelex Xobeh.
             Slain by an adder (1 damage)
             ... on level 3 of the Dungeon.
             The game lasted 00:07:50 (2385 turns).

empire the Charlatan (Demonspawn Artificer)         Turns: 2385, Time: 00:07:51

Health: 0/37       AC: 13    Str:  9 (10) XL:     5   Next: 99%
Magic:  8/8        EV:  4    Int: 11 (13) God:    Nemelex Xobeh [......]
Gold:   123        SH:  0    Dex: 13 (14) Spells: 0 memorised, 4 levels left

rFire  . . .     SeeInvis .     b - +0 long sword
rCold  . . .     Gourm    +     p - +0 chain mail
rNeg   . . .     Faith    .     (no shield)
rPois  .         Spirit   .     (no helmet)
rElec  .         Reflect  .     g - +2 cloak
rCorr  .         Harm     .     (no gloves)
MR     .....                    (no boots)
Stlth  ..........               s - amulet of the gourmand
                                (no ring)
                                (no ring)

@: lethally poisoned (0 -> -8)
A: molten scales 1, powered by death 2, slow regeneration 1, weak 1, MP-powered
wands
a: Renounce Religion


You were on level 3 of the Dungeon.
You worshipped Nemelex Xobeh.
Nemelex Xobeh was noncommittal.
You were not hungry.

You visited 1 branch of the dungeon, and saw 3 of its levels.

You collected 123 gold pieces.

Inventory:

Hand Weapons
 a - a +0 short sword
 b - a +0 long sword (weapon)
Armour
 g - a +2 cloak (worn)
 p - a +0 chain mail (worn)
 v - a +2 leather armour of cold resistance
Jewellery
 s - an amulet of the gourmand (around neck)
Wands
 c - a wand of flame (0/48)
 d - a wand of enslavement (14/24)
 e - a wand of random effects (0/48)
Scrolls
 j - 2 scrolls of identify {unknown}
 l - 2 scrolls of enchant armour {unknown}
 m - a scroll of teleportation {unknown}
 n - 2 scrolls of noise {unknown}
 o - 2 scrolls of amnesia {unknown}
 q - a scroll of remove curse {unknown}
 t - a scroll of fog {unknown}
 u - a scroll of recharging {unknown}
Miscellaneous
 i - a plain deck of escape
Comestibles
 f - 3 bread rations
 h - 5 fruits
 k - a meat ration
 w - a chunk of flesh


   Skills:
 - Level 1.0 Fighting
 - Level 1.9(2.8) Short Blades
 + Level 3.1(3.4) Long Blades
 - Level 1.7 Dodging
 - Level 0.8 Stealth
 + Level 5.2 Evocations


You had 4 spell levels left.
You didn't know any spells.

Dungeon Overview and Level Annotations

Branches:
Dungeon (3/15)

Altars:
Hepliaklqana
Makhleb
Nemelex Xobeh
Sif Muna
Zin


Innate Abilities, Weirdness & Mutations

You are partially covered in molten scales. (AC +2)
You regenerate health from kills.
You regenerate slowly when monsters are visible.
You are weak. (Str -2)
You expend magic power (3 MP) to strengthen your wands.


Message History

You throw a tomahawk of dispersal.
The tomahawk of dispersal barely misses the adder.
* * * LOW HITPOINT WARNING * * *
You feel sick. The adder bites you but does no damage.
Throwing (i - inventory):
r - 2 tomahawks of dispersal (quivered)
Press: ? - help, Shift-Dir - straight line, f/p - adder
Aim: an adder (moderately wounded)
You throw a tomahawk of dispersal.
The tomahawk of dispersal hits the adder but does no damage.
The adder is moderately wounded.
The adder barely misses you. The adder bites you but does no damage.
Throwing (i - inventory):
r - a tomahawk of dispersal (quivered)
Press: ? - help, Shift-Dir - straight line, f/p - adder
Aim: an adder (moderately wounded)
You throw a tomahawk of dispersal.
The tomahawk of dispersal misses the adder.
* * * LOW HITPOINT WARNING * * *
You feel sick. The adder bites you.
You die...
Your body disappears without a glow.

###################...
#........# ##..
############........# #..
#...................# #..
#......[......#############..
#.............# .........##..
#.............##.#######.##..
#...........S....# #.....
#...........@.#############..
#...........................>
#.............####..#########
#...................#
#..........###.###..#
#..........# #.# #..#
#..........###'###..#
#............'_###..#
#########..###'###..#


You could see an adder.

Vanquished Creatures
  An ogre (D:3)
  An orc wizard (D:3)
  Ijyb (D:2)
  2 adders
  An ooze (D:2)
  2 worms (D:2)
  2 dart slugs
  A leopard gecko (D:2)
  An orc (D:3)
  A ball python (D:3)
  A giant cockroach (D:1)
  4 goblins
  4 hobgoblins (D:1)
  7 jackals
  7 bats
  5 frilled lizards
  2 kobolds
  7 rats
50 creatures vanquished.

Vanquished Creatures (collateral kills)
  The ghost of Alexvimo2000 the Chopper, a weakling HuBe of Trog (D:3)
1 creature vanquished.

Grand Total: 51 creatures vanquished

Notes
Turn   | Place    | Note
-------+----------+-------------------------------------------
     0 | D:1      | empire the Demonspawn Artificer began the quest for the Orb.
     0 | D:1      | Reached XP level 1. HP: 15/15 MP: 3/3
    10 | D:1      | Reached skill level 1 in Short Blades
   102 | D:1      | Gained mutation: You regenerate a little health from kills. [demonic ancestry]
   102 | D:1      | Reached XP level 2. HP: 19/21 MP: 4/4
   968 | D:2      | Gained mutation: You are partially covered in molten scales. (AC +2) [demonic ancestry]
   968 | D:2      | Reached XP level 3. HP: 26/26 MP: 5/5
  1029 | D:2      | Noticed Ijyb
  1040 | D:2      | Killed Ijyb
  1040 | D:2      | Reached skill level 1 in Long Blades
  1176 | D:2      | Found a burning altar of Makhleb.
  1202 | D:2      | Reached skill level 4 in Evocations
  1291 | D:2      | Gained mutation: You regenerate health from kills. [demonic ancestry]
  1291 | D:2      | Reached XP level 4. HP: 26/32 MP: 7/7
  1679 | D:3      | Noticed an ogre
  1687 | D:3      | Killed an ogre
  1687 | D:3      | Reached XP level 5. HP: 27/37 MP: 8/8
  1825 | D:3      | Noticed Alexvimo2000's ghost (weakling HuBe)
  1854 | D:3      | Found a sparkling altar of Nemelex Xobeh.
  1860 | D:3      | Became a worshipper of Nemelex Xobeh the Trickster
  1894 | D:3      | Found a hazy altar of Hepliaklqana.
  1904 | D:3      | Found a deep blue altar of Sif Muna.
  1941 | D:3      | Received a gift from Nemelex Xobeh
  2280 | D:3      | Reached skill level 5 in Evocations
  2290 | D:3      | Found a glowing silver altar of Zin.
  2347 | D:3      | Killed Alexvimo2000's ghost
  2362 | D:3      | Gained mutation: You are weak. (Str -2) [potion of mutation]
  2362 | D:3      | Gained mutation: You expend magic power (3 MP) to strengthen your wands. [potion of mutation]
  2362 | D:3      | Gained mutation: You regenerate slowly when monsters are visible. [potion of mutation]
  2385 | D:3      | HP: 1/37 [poisoned by an adder]
  2385 | D:3      | Slain by an adder

Skill      XL: |  1  2  3  4  5 |
---------------+----------------+-----
Short Blades   | 1 |  1.9
Long Blades    | 1 2 3 |  3.1
Evocations     | 4 5 |  5.2
Fighting       | |  1.0
Dodging        | |  1.7
Stealth        | |  0.8

Action                   |  1- 3 |  4- 6 || total
-------------------------+-------+-------++-------
Melee: Short sword       |    88 |       ||    88
       Long sword        |    42 |    95 ||   137
Throw: Tomahawk          |       |     6 ||     6
Evoke: Wand              |     8 |    23 ||    31
  Use: Potion            |       |     4 ||     4
 Stab: Sleeping          |     3 |       ||     3
  Eat: Chunk             |     1 |     6 ||     7
Armor: Leather armour    |    49 |       ||    49
       Chain mail        |    17 |   122 ||   139
Dodge: Dodged            |   105 |    32 ||   137
       Rpst.: Long sword |    11 |     9 ||    20
